 Dungeon Crawl Stone Soup version 0.19.0-2-gae57169 (webtiles) character file.

19448 Monkfish the Swashbuckler (level 13, 0/124 HPs)
             Began as a Kobold Berserker on Nov 5, 2016.
             Was a High Priest of Trog.
             Slain by a catoblepas (10 damage)
             ... on level 3 of the Lair of Beasts.
             The game lasted 00:27:44 (12153 turns).

Monkfish the Swashbuckler (Kobold Berserker)       Turns: 12153, Time: 00:27:45

Health: 0/124      AC: 14    Str: 24    XL:     13   Next: 4%
Magic:  14/14      EV:  3    Int:  8    God:    Trog [*****.]
Gold:   807        SH:  0    Dex: 23    Spells: 0 memorised, 12 levels left

rFire  . . .     SeeInvis .     x - +6 short sword (speed)
rCold  + + .     Gourm    .     C - +0 ring mail of Sanujoogo {-Tele Str+4 Dex+4}
rNeg   + + +     Faith    .     (shield restricted)
rPois  ∞         Spirit   .     w - +2 helmet
rElec  .         Reflect  +     q - +0 cloak
rCorr  .         Harm     .     y - +0 pair of gloves
MR     ++...     NoTele   +     E - +1 pair of boots {run}
Stlth  ..........               M - +5 amulet of reflection
                                h - ring of protection from cold
                                g - +1 ring of evasion

@: berserking, petrified, regenerating, quick
A: molten scales 1, carnivore 3, cold resistance 1
a: Berserk, Trog's Hand, Brothers in Arms, Burn Spellbooks, Renounce Religion


You were on level 3 of the Lair of Beasts.
You worshipped Trog.
Trog was extremely pleased with you.
You were very full.

You visited 2 branches of the dungeon, and saw 14 of its levels.

You collected 807 gold pieces.

Inventory:

Hand Weapons
 x - a +6 short sword of speed (weapon)
 J - a +1 short sword of venom
Armour
 l - a +2 robe of cold resistance
 n - a +0 troll leather armour
 q - a +0 cloak (worn)
 w - a +2 helmet (worn)
 y - a +0 pair of gloves (worn)
 C - the +0 ring mail of Sanujoogo (worn) {-Tele Str+4 Dex+4}
   (You found it on level 11 of the Dungeon)

   It affects your strength (+4).
   It affects your dexterity (+4).
   It prevents most forms of teleportation.
 E - a +1 pair of boots of running (worn)
Jewellery
 g - a +1 ring of evasion (left hand)
 h - a ring of protection from cold (right hand)
 M - a +5 amulet of reflection (around neck)
Wands
 o - a wand of lightning (5/15)
 B - a wand of flame (18/48)
 G - a wand of digging (9/24)
 I - a wand of polymorph (10/24)
Scrolls
 e - 7 scrolls of remove curse
 f - 4 scrolls of magic mapping
 m - 2 scrolls of recharging
 p - 3 scrolls of teleportation
 u - a scroll of fog
Potions
 a - a potion of resistance {unknown}
 i - 5 potions of curing
 j - 6 potions of agility
 s - 2 potions of haste
 t - 2 potions of heal wounds
 v - a potion of flight
 z - a potion of might
 D - a potion of magic {unknown}
 L - a potion of berserk rage {unknown}
Comestibles
 b - a beef jerky
 c - 6 meat rations
 d - 3 chunks of flesh
 r - 2 slices of pizza
 A - 11 royal jellies


   Skills:
 + Level 10.6 Fighting
 - Level 15.0 Short Blades
 + Level 2.2 Armour
 + Level 11.6 Dodging
 * Level 14.0 Stealth
 + Level 1.4 Evocations


You had 12 spell levels left.
You didn't know any spells.

Dungeon Overview and Level Annotations

Branches:
Dungeon (11/15)            Temple (0/1) D:4            Lair (3/6) D:11
 Spider (0/4) Lair:2          Orc (0/2) D:9
  Swamp: Lair:2-4    Shoals: Lair:2-4

Altars:
Makhleb
Nemelex Xobeh
The Shining One

Shops:
D:11 =

Annotations:
D:11 exclusion: death knight
Lair:1 Erica


Innate Abilities, Weirdness & Mutations

You are small and have problems with some larger weapons.
You are carnivorous and can eat meat at any time.
You are partially covered in molten scales. (AC +2)
Your flesh is cold resistant. (rC+)


Message History

Your deep troll is engulfed in calcifying dust.
Your deep troll is moving more slowly.
Your deep troll bites the catoblepas!!
Your deep troll claws the catoblepas. x2
Your limbs are stiffening.
A red film seems to cover your vision as you go berserk!
You feel yourself moving faster!
You feel mighty!
You feel quite a bit less full.
Your deep troll is engulfed in calcifying dust.
Your deep troll stops moving altogether!
The catoblepas gores you!! x2
* * * LOW HITPOINT WARNING * * *
Your deep troll is engulfed in calcifying dust.
The catoblepas gores you!
* * * LOW HITPOINT WARNING * * *
You have turned to stone.
The catoblepas gores you!!
* * * LOW HITPOINT WARNING * * *
Your deep troll is engulfed in calcifying dust.
The catoblepas gores you!!
You die...

#.........##
##..........
#P.........#
#........>#
#.........+
#.(.......#
##.........#
#.....r§TYY#
..#.(#'#@.#
# #.#### #.#
#.## ##..#
#..## ##.#
#.# ###.#


You could see 2 catoblepae and a friendly deep troll (berserk).

Vanquished Creatures
  Erolcha (D:9)
  An unseen horror (shapeshifter) (D:10)
  An elephant (D:11)
  A black mamba (Lair:1)
  A centaur skeleton (D:10)
  2 spiny frogs
  A kobold demonologist (D:11)
  5 trolls
  3 polar bears
  3 two-headed ogres
  Grinder (D:4)
  3 blink frogs (Lair:2)
  6 hippogriffs
  Sigmund (D:3)
  37 yaks
  A vampire (D:11)
  Eustachio (D:4)
  5 wyverns
  4 hungry ghosts
  2 wargs (D:9)
  A porcupine (Lair:1)
  A water moccasin (Lair:1)
  3 orc warriors
  2 phantoms
  2 sky beasts
  3 ice beasts
  A black bear (D:10)
  2 ogres
  A centaur (D:8)
  3 crocodiles
  A wolf (D:9)
  10 bullfrogs
  A big kobold (D:8)
  Blork the orc (D:4)
  5 scorpions
  11 killer bees
  9 wights (D:11)
  A howler monkey (D:4)
  3 crimson imps
  2 centaur zombies
  5 orc priests
  2 hounds
  6 jellies
  A gnoll shaman (D:7)
  8 orc wizards
  A bullfrog skeleton (D:10)
  An iguana (D:7)
  Ijyb (D:3)
  4 worker ants
  2 hound zombies
  A hound skeleton (D:5)
  A killer bee simulacrum (D:9)
  Robin (D:3)
  7 gnolls
  9 adders
  6 shadow imps
  6 oozes
  An adder skeleton (D:7)
  4 worms
  2 dart slugs
  2 leopard geckos
  28 orcs
  3 ball pythons
  6 giant cockroaches
  10 goblins
  7 hobgoblins
  13 jackals
  10 kobolds
  A quokka (D:9)
  12 bats
  14 frilled lizards
  9 rats
327 creatures vanquished.

Vanquished Creatures (others)
  A hound (D:10)
  2 fungi
  3 plants
6 creatures vanquished.

Grand Total: 333 creatures vanquished

Notes
Turn   | Place    | Note
-------+----------+-------------------------------------------
     0 | D:1      | Monkfish the Kobold Berserker began the quest for the Orb.
     0 | D:1      | Reached XP level 1. HP: 14/14 MP: 1/1
   150 | D:1      | Found a glowing golden altar of the Shining One.
   248 | D:1      | Reached XP level 2. HP: 16/19 MP: 2/2
   437 | D:1      | Reached skill level 1 in Stealth
   642 | D:2      | Reached XP level 3. HP: 4/24 MP: 3/3
  1409 | D:2      | Reached XP level 4. HP: 29/29 MP: 4/4
  1536 | D:2      | Reached ** piety under Trog
  1951 | D:3      | Noticed Robin
  1970 | D:3      | Killed Robin
  1970 | D:3      | Reached XP level 5. HP: 33/33 MP: 3/5
  2027 | D:3      | Noticed Sigmund
  2037 | D:3      | Killed Sigmund
  2037 | D:3      | Reached skill level 5 in Short Blades
  2037 | D:3      | Reached XP level 6. HP: 38/38 MP: 6/6
  2400 | D:3      | Reached *** piety under Trog
  2488 | D:3      | Noticed Ijyb
  2499 | D:3      | Killed Ijyb
  2499 | D:3      | Reached skill level 6 in Short Blades
  2794 | D:4      | Found a staircase to the Ecumenical Temple.
  2881 | D:4      | Reached XP level 7. HP: 40/44 MP: 7/7
  2895 | D:4      | Reached skill level 5 in Dodging
  3035 | D:4      | Noticed Blork the orc
  3050 | D:4      | Killed Blork the orc
  3291 | D:4      | Noticed Grinder
  3307 | D:4      | Killed Grinder
  3307 | D:4      | Reached skill level 7 in Short Blades
  3307 | D:4      | Reached skill level 5 in Stealth
  3307 | D:4      | Reached XP level 8. HP: 48/48 MP: 6/8
  3412 | D:4      | Noticed Eustachio
  3424 | D:4      | Killed Eustachio
  3756 | D:5      | Entered Level 5 of the Dungeon
  3810 | D:5      | Reached skill level 5 in Fighting
  3916 | D:5      | Found a sparkling altar of Nemelex Xobeh.
  3994 | D:5      | Reached skill level 8 in Short Blades
  4373 | D:5      | Found a burning altar of Makhleb.
  4635 | D:6      | Reached XP level 9. HP: 54/54 MP: 9/9
  4668 | D:6      | Noticed a troll
  4688 | D:6      | Killed a troll
  4688 | D:6      | Reached skill level 9 in Short Blades
  5208 | D:7      | Reached **** piety under Trog
  5410 | D:7      | Reached skill level 10 in Short Blades
  5559 | D:7      | Found a glowing golden altar of the Shining One.
  6148 | D:7      | Identified a +0 pair of boots of running (You found it on level 7 of the Dungeon)
  6489 | D:8      | Noticed a two-headed ogre
  6497 | D:8      | Killed a two-headed ogre
  6497 | D:8      | Reached skill level 11 in Short Blades
  6497 | D:8      | Reached XP level 10. HP: 61/61 MP: 10/10
  7174 | D:8      | Gained mutation: Your flesh is cold resistant. (rC+) [potion of beneficial mutation]
  7175 | D:8      | Gained mutation: You are partially covered in molten scales. (AC +2) [potion of beneficial mutation]
  7185 | D:9      | Reached skill level 12 in Short Blades
  7352 | D:9      | Found a staircase to the Orcish Mines.
  7522 | D:9      | Noticed Erolcha
  7544 | D:9      | Killed Erolcha
  7544 | D:9      | Reached skill level 13 in Short Blades
  7544 | D:9      | Reached XP level 11. HP: 64/67 MP: 8/11
  7588 | D:9      | Reached skill level 10 in Dodging
  7746 | D:9      | Reached skill level 10 in Stealth
  8292 | D:10     | Entered Level 10 of the Dungeon
  8435 | D:10     | Killed an unseen horror
  8641 | D:10     | Reached ***** piety under Trog
  9105 | D:11     | Noticed an elephant
  9328 | D:11     | Noticed a soul eater
  9476 | D:11     | Got an ancient ring mail
  9496 | D:11     | Identified the cursed +0 ring mail of Sanujoogo {-Tele Str+4 Dex+4} (You found it on level 11 of the Dungeon)
  9503 | D:11     | Found Pomit's Jewellery Shop.
  9548 | D:11     | Reached XP level 12. HP: 76/76 MP: 12/12
  9608 | D:11     | Received a gift from Trog
  9708 | D:11     | Noticed a death knight
  9721 | D:11     | Found a staircase to the Lair.
  9765 | D:11     | Reached skill level 14 in Short Blades
  9903 | D:11     | Reached skill level 1 in Evocations
 10252 | Lair:1   | Entered Level 1 of the Lair of Beasts
 10298 | Lair:1   | Noticed Erica
 10330 | Lair:1   | Reached skill level 10 in Fighting
 10592 | Lair:1   | You fall through a shaft!
 11291 | Lair:2   | Found a hole to the Spider Nest.
 12041 | Lair:3   | Reached XP level 13. HP: 69/83 MP: 14/14
 12064 | Lair:3   | Reached skill level 15 in Short Blades
 12145 | Lair:3   | Noticed a catoblepas
 12145 | Lair:3   | Noticed a catoblepas
 12153 | Lair:3   | Slain by a catoblepas

Skill      XL: |  1  2  3  4  5  6  7  8  9 10 11 12 13 |
---------------+----------------------------------------+-----
Stealth        | 1 2 4 5 6 8 9 12 13 14 | 14.0
Dodging        | 3 4 6 7 8 9 11 | 11.6
Fighting       | 4 5 6 7 9 10 | 10.6
Short Blades   | 5 6 7 8 11 13 14 15 | 15.0
Evocations     | 1 |  1.4
Armour         | 2 |  2.2

Action                   |  1- 3 |  4- 6 |  7- 9 | 10-12 | 13-15 || total
-------------------------+-------+-------+-------+-------+-------++-------
Melee: Short sword       |   103 |   227 |   285 |  1112 |    30 ||  1757
       Rapier            |       |       |   212 |       |       ||   212
Invok: Berserk           |     2 |     6 |     9 |     5 |     1 ||    23
       Trog's Hand       |       |     1 |     4 |    11 |     1 ||    17
       Burn Spellbooks   |       |       |     2 |     2 |       ||     4
       Brothers in Arms  |       |       |       |       |     1 ||     1
Evoke: Wand              |       |       |       |     3 |       ||     3
  Use: Scroll            |     6 |     5 |    10 |    18 |       ||    39
       Potion            |     1 |       |     2 |     3 |       ||     6
 Stab: Sleeping          |     5 |     3 |     3 |    27 |       ||    38
       Distracted        |       |       |       |     1 |       ||     1
  Eat: Chunk             |     6 |    17 |    19 |    29 |     2 ||    73
Armor: Animal skin       |    29 |    39 |       |       |       ||    68
       Robe              |       |       |    14 |       |       ||    14
       Troll leather arm |       |       |    34 |    54 |       ||    88
       Ring mail         |       |       |       |    31 |     3 ||    34
Dodge: Dodged            |   119 |   228 |   340 |   442 |    12 ||  1141
Block: Other             |       |       |       |    39 |     2 ||    41
